 Dungeon Crawl Stone Soup version 0.24.0-13-gcf9b319 (webtiles) character file.

Game seed: 12015301907623002735, levelgen mode: deterministic

7 southernslant the Charmwright (level 2, 0/19 HPs)
             Began as a Halfling Skald on Jan 10, 2020.
             Slain by a worm (8 damage)
             ... on level 2 of the Dungeon.
             The game lasted 00:02:15 (594 turns).

southernslant the Charmwright (Halfling Skald)       Turns: 594, Time: 00:02:16

Health: 0/19       AC:  3    Str: 12    XL:     2   Next: 10%
Magic:  4/4        EV: 14    Int: 11    God:
Gold:   52         SH:  0    Dex: 13    Spells: 3/4 levels left

rFire    . . .     SeeInvis .   l - +0 hunting sling
rCold    . . .     Gourm    .   (shield restricted)
rNeg     . . .     Faith    .   b - +0 leather armour
rPois    .         Spirit   .   (no helmet)
rElec    .         Reflect  .   (no cloak)
rCorr    .         Harm     .   (no gloves)
MR       .....                  (no boots)
Stlth    +.........             (no amulet)
HPRegen  0.06/turn              (no ring)
MPRegen  0.09/turn              (no ring)

@: no status effects
A: small, mutation resistance 1
a: no special abilities


You were on level 2 of the Dungeon.
You were not hungry.

You visited 1 branch of the dungeon, and saw 2 of its levels.

You collected 52 gold pieces.

Inventory:

Hand Weapons
 a - a +0 short sword
 l - a +0 hunting sling (weapon)
Missiles
 e - 39 stones (quivered)
 i - 15 sling bullets
Armour
 b - a +0 leather armour (worn)
Jewellery
 n - an uncursed ring of fire {unknown}
Scrolls
 c - 4 scrolls of remove curse {unknown}
 j - a scroll of fog {unknown}
Potions
 f - a potion of degeneration {unknown}
 h - a potion of cancellation {unknown}
 k - a potion of brilliance {unknown}
 m - a potion of lignification {unknown}
Comestibles
 d - 2 rations


   Skills:
 * Level 2.0 Fighting
 - Level 2.5 Short Blades
 * Level 0.0 Slings
 * Level 1.4 Armour
 + Level 2.2 Dodging
 * Level 1.7 Spellcasting
 - Level 3.2 Charms


You had 3 spell levels left.
You knew the following spells:

 Your Spells              Type           Power        Failure   Level  Hunger
a - Infusion              Chrm           #...         10%         1    ##.....

Your spell library contained the following spells:

 Spells                   Type           Power        Failure   Level  Hunger
 Song of Slaying          Chrm           #.......     16%         2    ###....
 Shroud of Golubria       Chrm/Tloc      #.....       30%         2    ###....
 Regeneration             Chrm/Necr      #.........   52%         3    ####...
 Spectral Weapon          Hex/Chrm       #.......     52%         3    ####...


Dungeon Overview and Level Annotations

Branches:
Dungeon (2/15)

Altars:


Innate Abilities, Weirdness & Mutations

You are small and have problems with some larger weapons.
You are somewhat resistant to further mutation.


Message History

Aim: a worm (lightly wounded)
You shoot a stone. The stone barely misses the worm.
The worm bites you.
A rat comes into view.
Firing (i - inventory. (/) - cycle)
e - 41 stones (quivered)
Press: ? - help, Shift-Dir - straight line, f/p - worm
Aim: a worm (lightly wounded)
You shoot a stone.
The stone hits the worm but does no damage.
The worm is lightly wounded.
A rat comes into view.
The worm bites you!
You are too injured to fight recklessly!
You are too injured to fight recklessly!
Firing (i - inventory. (/) - cycle)
e - 40 stones (quivered)
Press: ? - help, Shift-Dir - straight line, f/p - worm
Aim: a worm (lightly wounded)
You shoot a stone. The stone hits the worm.
The worm is moderately wounded.
The worm bites you!
You die...

#.## #... #
#... .. #...
####$.. #(..
.((.. . #...
... ...
.#.#...#w#..###
.......@.......
...#........##.
.$........#.#
..##...#.r# # .
.".## ... .###
...r . .....
.....#


You could see a worm and 2 rats.

Vanquished Creatures
  2 bats (D:1)
  A goblin (D:1)
  2 kobolds (D:1)
  A frilled lizard (D:1)
  A rat (D:1)
7 creatures vanquished.

Notes
Turn   | Place    | Note
-------+----------+-------------------------------------------
     0 | D:1      | southernslant the Halfling Skald began the quest for the
                  | Orb.
     0 | D:1      | Reached XP level 1. HP: 14/14 MP: 3/3
   212 | D:1      | Reached XP level 2. HP: 19/19 MP: 4/4
   594 | D:2      | Slain by a worm

Levels and vault maps discovered:
D:1:      mrwooster_arrival_statue_3, layout_loops_ring, minmay_strange_pillars
D:2:      layout_rooms, lemuel_round_altar

Skill      XL: |  1  2 |
---------------+-------+-----
Fighting       | 2 |  2.0
Short Blades   | |  2.5
Armour         | |  1.4
Dodging        | |  2.2
Spellcasting   | |  1.7
Charms         | |  3.2

Action                   || total
-------------------------++-------
Melee: Short sword       ||    16
 Fire: Hunting sling     ||    10
 Stab: Sleeping          ||     1
Armor: Leather armour    ||     4
Dodge: Dodged            ||    14
